 Dungeon Crawl Stone Soup version 0.31-a0-188-g5e087ee2ca (webtiles) character file.

Game seed: 6819087859984499022

132 qw the Skirmisher (level 4, 0/25 HPs)
             Began as a Deep Elf Hunter on June 23, 2023.
             Succumbed to their own poison gas
             ... on level 3 of the Dungeon.
             The game lasted 00:00:44 (2668 turns).

qw the Skirmisher (Deep Elf Hunter)                 Turns: 2668, Time: 00:00:44

Health: 0/25       AC:  3    Str: 10    XL:     4   Next: 92%
Magic:  6/6        EV: 12    Int: 14    God:
Gold:   87         SH:  0    Dex: 18    Spells: 3/3 levels left

rFire   . . .        Y - +2 shortbow (flame)
rCold   . . .        (shield currently unavailable)
rNeg    . . .        c - +0 leather armour
rPois   .            (no helmet)
rElec   .            (no cloak)
rCorr   .            (no gloves)
SInv    .            (no boots)
Will    .....        (no amulet)
Stlth   ++           (no ring)
HPRegen 0.24/turn    (no ring)
MPRegen 0.10/turn

%: no passive effects
@: lethally poisoned (0 -> -7)
A: no striking features
a: no special abilities


You were on level 3 of the Dungeon.
You visited 1 branch of the dungeon, and saw 3 of its levels.

You collected 87 gold pieces.


   Skills:
 - Level 1.5 Fighting
 + Level 8.3 Ranged Weapons
 - Level 2.4 Dodging
 - Level 1.2 Stealth


You had 3 spell levels left.
You didn't know any spells.
Your spell library was empty.

Inventory:

Hand Weapons
 Y - a +2 shortbow of flaming (weapon)
Armour
 c - a +0 leather armour (worn)
Potions
 a - a potion of brilliance {unknown}
 b - a potion of degeneration {unknown}
 d - a potion of berserk rage {unknown}
 e - a potion of mutation {unknown}
 g - a potion of heal wounds {unknown}
 j - a potion of enlightenment

Dungeon Overview and Level Annotations

Branches:
Dungeon (3/15)

Altars:

Shops:
D:3 (


Message History

Enter note:
Enter note:
Enter note:
Enter note:
Enter note:
Enter note:
Enter note: Done exploring.
2663 ||| READING scroll labelled SASSAB ALUL.
The air fills with toxic fumes!
As you read the scroll labelled SASSAB ALUL, it crumbles to dust.
It was a scroll of poison.
Done exploring.
(D) Dungeon
Where to? (* - list waypoints, Enter - D:3, ? - help)
What level of the Dungeon? (default 1, ? - help) Sorry, I don't know how to get there.
Enter note:
Enter note:
Enter note:
Enter note:
Enter note:
Enter note:
Enter note:
Enter note:
Enter note:
Enter note:
Enter note:
Enter note: Really walk into that cloud of poison gas?
You are engulfed in poison gas.
You are poisoned.
You feel very sick.
2665 ||| Stepping ~*~*~tactically~*~*~ (cloud).
You feel very sick.
There is a lethal amount of poison in your body!
You feel very sick.
There is a lethal amount of poison in your body!
You feel very sick.
There is a lethal amount of poison in your body!
You die...

##.# ### ##.###### ##.#
##.####.......# ##.#
###...#¤¤....##.# ##.#
##.....00##.#.##.#
##.######.###..#¤##.#.##.#
##........# #..¤¤¤..#.##.####
##.######.###.##¤####.##....# ###
##.# ##....##¤####.#####)# #..
##.# ####'##@¤¤¤¤¤# #.# #.# ##.#
##...######## #.# #.# ##.##
##.....## ### #.# #.# #...##
##.......## ##.###.# #.#
#....####.........####...##.###.#
#.......+.........'..............
##...####.........####...##.#####
###..## ##.......## ##.#...#
###...## ##.....#########.###


There were no monsters in sight!

Vanquished Creatures
  8 adders
  2 dart slugs (D:3)
  7 bats
  7 endoplasms
  2 giant cockroaches
  6 goblins
  7 hobgoblins
  2 kobolds
  7 ball pythons
  3 frilled lizards
  8 rats
59 creatures vanquished.

Notes
Turn   | Place    | Note
-------+----------+-------------------------------------------
     0 | D:1      | qw the Deep Elf Hunter began the quest for the Orb.
     0 | D:1      | Reached XP level 1. HP: 12/12 MP: 3/3
     0 | D:1      | 0 ||| qw: Version: 0.3-a-9-g12657ce
     0 | D:1      | 0 ||| qw: Game counter: 3072
     0 | D:1      | 0 ||| qw: Always use a shield: true
     0 | D:1      | 0 ||| qw: God list: Okawaru
     0 | D:1      | 0 ||| qw: Allow faded altars: false
     0 | D:1      | 0 ||| qw: Do Orc after D:15 true
     0 | D:1      | 0 ||| qw: Do second Lair branch before Depths: true
     0 | D:1      | 0 ||| qw: Lair rune preference: random
     0 | D:1      | 0 ||| qw: Plans: Normal
     0 | D:1      | 0 ||| PLANNING D:1-11
   264 | D:1      | Reached XP level 2. HP: 16/16 MP: 4/4
   302 | D:1      | Reached skill level 6 in Ranged Weapons
   895 | D:1      | 895 ||| READING scroll labelled ATO HIGAIRUMMY.
   896 | D:1      | 896 ||| READING scroll labelled SERIAF CYAWU.
   899 | D:1      | 899 ||| READING scroll labelled MONOASTR KUJUCS.
   900 | D:1      | 900 ||| READING scroll labelled ECAOKH GAURIE.
   901 | D:1      | 901 ||| DROPPING scroll of butterflies.
   951 | D:2      | Reached XP level 3. HP: 20/20 MP: 5/5
  1170 | D:2      | Reached skill level 7 in Ranged Weapons
  1587 | D:2      | 1587 ||| READING scroll labelled FIAL PEGUPA.
  1588 | D:2      | 1588 ||| READING scroll labelled WOUFOH BECULYE.
  1589 | D:2      | 1589 ||| READING scroll labelled JAESCH JILOALIO.
  1590 | D:2      | 1590 ||| READING scroll labelled KIGUPN WIHAYSS.
  1591 | D:2      | 1591 ||| DRINKING 2 cyan potions.
  1628 | D:3      | 1628 ||| STAIRDANCE
  1690 | D:3      | Reached XP level 4. HP: 25/25 MP: 6/6
  1796 | D:3      | 1796 ||| READING scroll of enchant weapon.
  1796 | D:3      | 1796 ||| ENCHANTING +1 shortbow of flaming.
  1931 | D:3      | Reached skill level 8 in Ranged Weapons
  2400 | D:3      | Found Fiahaer's Weapon Emporium.
  2663 | D:3      | 2663 ||| READING scroll labelled SASSAB ALUL.
  2665 | D:3      | 2665 ||| Stepping ~*~*~tactically~*~*~ (cloud).
  2666 | D:3      | HP: 5/25 [poisoned by you (poison gas)]
  2667 | D:3      | HP: 2/25 [poisoned by you (poison gas)]
  2668 | D:3      | Succumbed to their own poison gas

Levels and vault maps discovered:
D:1:      tarquinn_simple_flora_water_b, layout_loops_corners
D:2:      layout_basic
D:3:      layout_loops_corners, serial_shops, shop, chequers_hall_statues_y,
          minmay_misc_feat_rugged, grunt_ministairs_6, serial_bayou_pond_b,
          st_stairs_8, moated_statue, minmay_ruptured

Skill      XL: |  1  2  3  4 |
---------------+-------------+-----
Ranged Weapons | 6 7 8 |  8.3
Fighting       | |  1.5
Dodging        | |  2.4
Stealth        | |  1.2

Action                     |  1- 3 |  4- 6 || total
---------------------------+-------+-------++-------
   Fire: Shortbow          |    84 |    50 ||   134
    Use: Scroll            |     8 |     2 ||    10
         Potion            |     1 |       ||     1
 Armour: Leather armour    |     6 |     1 ||     7
  Dodge: Dodged            |    11 |     9 ||    20

Table legend:
 A = Non-vault XP
 B = Vault XP
 C = Vault XP percentage of total XP
 D = Non-vault monster count
 E = Vault monster count
 F = Vault count percentage of total count
                 A         B        C        D         E       F
            +---------+---------+-------+---------+---------+-------
      Total |     179 |      10 |   5.3 |      51 |       8 |  13.6
            +---------+---------+-------+---------+---------+-------
        D:1 |      40 |       0 |   0.0 |      25 |       0 |   0.0
        D:2 |      53 |       0 |   0.0 |      12 |       0 |   0.0
        D:3 |      86 |      10 |  10.4 |      14 |       8 |  36.4
            +---------+---------+-------+---------+---------+-------
